 Dungeon Crawl Stone Soup version 0.22-a0-880-gb7b0c8b (webtiles) character file.

30 tcjsavannah the Magician (level 3, -1/14 HPs)
             Began as a Felid Wizard on July 30, 2018.
             Slain by an adder (3 damage)
             ... on level 2 of the Dungeon.
             The game lasted 00:05:23 (1145 turns).

tcjsavannah the Magician (Felid Wizard)             Turns: 1145, Time: 00:05:24

Health: -1/14      AC:  1    Str:  3    XL:     3   Next: 3%
Magic:  4/8        EV: 17    Int: 20    God:
Gold:   66         SH:  0    Dex: 14    Spells: 3/8 levels left
                                        Lives:  0   Deaths: 0

rFire    . . .     SeeInvis +   (weapon unavailable)
rCold    . . .     Gourm    .   (shield unavailable)
rNeg     . . .     Faith    .   (armour unavailable)
rPois    .         Spirit   .   (helmet unavailable)
rElec    .         Reflect  .   (cloak unavailable)
rCorr    .         Harm     .   (gloves unavailable)
MR       .....                  (boots unavailable)
Stlth    ++++......             (no amulet)
HPRegen  0.04/turn              d - ring of stealth
MPRegen  0.11/turn              (no ring)

@: quick
A: very small, no armour, no weapons or thrown items, stealth, claws 1, fangs 3,
see invisible, carnivore, speed 1, shaggy fur 1, slow metabolism 1, sharp paws
a: no special abilities


You were on level 2 of the Dungeon.
You were very full.

You visited 1 branch of the dungeon, and saw 2 of its levels.

You collected 66 gold pieces.

Inventory:

Jewellery
 d - a ring of stealth (left paw)
Potions
 c - a potion of might {unknown}
 e - 2 potions of berserk rage {unknown}
 f - a potion of brilliance {unknown}
Comestibles
 a - a chunk of flesh
 b - 2 rations


   Skills:
 - Level 2.6 Dodging
 - Level 2.6 Stealth
 - Level 3.0 Spellcasting
 * Level 2.4 Conjurations
 * Level 1.6 Summonings
 + Level 1.5 Translocations


You had 3 spell levels left.
You knew the following spells:

 Your Spells              Type           Power        Failure   Level  Hunger
a - Magic Dart            Conj           ##..         5%          1    None
b - Call Imp              Summ           #.......     11%         2    ##.....
c - Blink                 Tloc           N/A          12%         2    ##.....

Your spell library contained the following spells:

 Spells                   Type           Power        Failure   Level  Hunger
 Conjure Flame            Conj/Fire      #.......     26%         3    ###....
 Slow                     Hex            #.......     22%         2    ##.....
 Mephitic Cloud           Conj/Pois/Air  #.......     30%         3    ###....


Dungeon Overview and Level Annotations

Branches:
Dungeon (2/15)

Altars:


Innate Abilities, Weirdness & Mutations

You cannot wear armour.
You are incapable of wielding weapons or throwing items.
Your paws allow you to move quietly. (Stealth)
You have sharp claws.
You have razor-sharp teeth.
You have supernaturally acute eyesight. (SInv)
You are carnivorous and can eat meat at any time.
You cover ground quickly.
You are covered in fur. (AC +1)
You have a slow metabolism.
Your sharp claws are effective at attacking unaware monsters.


Message History

The bat misses you. The quokka bites your crimson imp.
The bat closely misses you.
Your crimson imp closely misses the quokka.
You closely miss the bat.
The bat is severely wounded.
The bat closely misses you. The bat hits you but does no damage.
The quokka closely misses your crimson imp.
The bat closely misses you. The quokka misses your crimson imp.
Your crimson imp hits the quokka.
You miss the bat.
The bat is severely wounded.
The bat barely misses you. x2; The bat closely misses you.
The quokka closely misses your crimson imp.
Your crimson imp blinks!
Casting: Call Imp (safe; 11% risk of failure)
Confirm with . or Enter, or press ? or * to list all spells.
You blink.
The frilled lizard hisses angrily.
The adder bites you.
You die...

#.# ##.#
#.# #l# #.#
#ยง# #b#
#r###
##SK.##
#.@...#
#.......#
#5l.....#
.........#
##.......##
###.....#
...!...
.......#


You could see an adder, a quokka, a bat, a kobold, a frilled lizard and a
friendly crimson imp.

Vanquished Creatures
  A leopard gecko (D:1)
  5 goblins (D:1)
  3 hobgoblins (D:1)
  3 jackals (D:1)
  7 kobolds
  3 bats
  A rat (D:1)
23 creatures vanquished.

Vanquished Creatures (collateral kills)
  A hobgoblin (D:1)
1 creature vanquished.

Grand Total: 24 creatures vanquished

Notes
Turn   | Place    | Note
-------+----------+-------------------------------------------
     0 | D:1      | tcjsavannah the Felid Wizard began the quest for the Orb.
     0 | D:1      | Reached XP level 1. HP: 7/7 MP: 5/5
     3 | D:1      | Reached skill level 1 in Conjurations
   246 | D:1      | Reached XP level 2. HP: 8/11 MP: 1/7
   254 | D:1      | Learned a level 2 spell: Call Imp
   257 | D:1      | Learned a level 2 spell: Blink
  1083 | D:2      | Reached XP level 3. HP: 14/14 MP: 6/8
  1145 | D:2      | Slain by an adder

Vault maps used:
D:1:      co_arrival_square_in_a_square_in_a_square
D:2:      first_ration, guppyfry_early_lair_pool

Skill      XL: |  1  2 |
---------------+-------+-----
Conjurations   | 1 2 |  2.4
Dodging        | |  2.6
Stealth        | |  2.6
Spellcasting   | |  3.0
Summonings     | |  1.6
Translocations | |  1.5

Action                   || total
-------------------------++-------
Melee: Unarmed           ||    28
       Bite              ||     1
 Cast: Magic Dart        ||    45
       Call Imp          ||     4
       Blink             ||     1
  Use: Scroll            ||     2
 Stab: Sleeping          ||     1
  Eat: Chunk             ||     7
Armor: Skin              ||     9
Dodge: Dodged            ||    55

Table legend:
 A = Spawn XP
 B = Non-spawn XP
 C = Spawn XP percentage of total XP
 D = Spawn monster count
 E = Non-spawn monster count
 F = Spawn count percentage of total count
 G = Total turns spent on level
                    A         B        C        D         E        F      G
               +---------+---------+-------+---------+---------+-------+---------
         Total |       0 |      43 |   0.0 |       0 |      24 |   0.0 |  1145
               +---------+---------+-------+---------+---------+-------+---------
           D:1 |       0 |      40 |   0.0 |       0 |      22 |   0.0 |  1082
           D:2 |       0 |       3 |   0.0 |       0 |       2 |   0.0 |    63
               +---------+---------+-------+---------+---------+-------+---------
